 Dungeon Crawl Stone Soup version 0.17-a0-1508-ge7f3dc3 (webtiles) character file.

29 namelastname112 the Charmwright (level 3, 0/29 HPs)
             Began as a Draconian Skald on July 10, 2015.
             Succumbed to an adder's poison
             ... on level 2 of the Dungeon.
             The game lasted 00:01:28 (921 turns).

namelastname112 the Charmwright (Draconian Skald)    Turns: 921, Time: 00:01:28

Health: 0/29       AC:  5    Str: 14    XL:     3   Next: 1%
Magic:  2/6        EV: 11    Int: 12    God:
Gold:   103        SH:  0    Dex:  9    Spells: 1 memorised, 5 levels left

rFire  . . .     SeeInvis .     a - +0 short sword
rCold  . . .     Clarity  .     (armour unavailable)
rNeg   . . .     SustAt   .     (no shield)
rPois  .         Gourm    +     (helmet restricted)
rElec  .         Spirit   .     (no cloak)
rCorr  .         Warding  .     (no gloves)
rMut   .         Stasis   .     (no boots)
MR     .....                    g - amulet of the gourmand
Stlth  +.........               (no ring)
                                (no ring)

@: lethally poisoned (0 -> -5), not resistant to hostile enchantments, very
unstealthy
A: unfitting armour, hooves 1, horns 1, clumsy 1, cold-blooded, AC +5
a: no special abilities


You were on level 2 of the Dungeon.
You were not hungry.

You visited 1 branch of the dungeon, and saw 2 of its levels.

You collected 103 gold pieces.

Inventory:

Hand weapons
 a - a +0 short sword (weapon)
Jewellery
 g - an amulet of the gourmand (around neck)
Scrolls
 e - a scroll of recharging {unknown}
 f - a scroll of teleportation {unknown}
 j - 2 scrolls of identify {unknown}
Books
 b - a book of Battle

   Spells                             Type                      Level
   a - Infusion                       Charms                       1
   b - Shroud of Golubria             Charms/Translocation         2
   c - Song of Slaying                Charms                       2
   d - Spectral Weapon                Hexes/Charms                 3
   e - Regeneration                   Charms/Necromancy            3
Comestibles
 c - 2 bread rations
 h - 4 fruits
 i - a meat ration


   Skills:
 - Level 2.1 Fighting
 + Level 2.2 Short Blades
 - Level 1.3 Dodging
 * Level 1.5 Stealth
 - Level 2.0 Spellcasting
 + Level 3.2 Charms


You had 5 spell levels left.
You knew the following spells:

 Your Spells              Type           Power        Failure   Level  Hunger
a - Infusion              Chrm           #.....       10%         1    ##.....


Dungeon Overview and Level Annotations

Branches:
Dungeon (2/15)

Altars:


Innate Abilities, Weirdness & Mutations

Your plain brown scales are hard (AC +5).
Your body does not fit into most forms of armour.
You are cold-blooded and may be slowed by cold attacks.
You have large cloven feet.
You have a pair of small horns on your head.
You are clumsy. (Dex -2)


Message History

* * * LOW HITPOINT WARNING * * *
You are lethally poisoned!
The adder poisons you!
You hit the adder!
You kill the adder!
You have reached level 3!
Your experience leads to an increase in your attributes!
Your base attributes are Str 14, Int 12, Dex 10.
Increase (S)trength, (I)ntelligence, or (D)exterity?
You feel agile.
Your scales feel tougher.
There is a lethal amount of poison in your body!
There is a lethal amount of poison in your body!
* * * LOW HITPOINT WARNING * * *
You feel sick.
* * * LOW HITPOINT WARNING * * *
You feel sick.
You are no longer magically infusing your attacks.
You aren't carrying any potions.
There is a lethal amount of poison in your body!
You die...

#####
#...#
#.#
#@#
###


There were no monsters in sight!

Vanquished Creatures
  An adder (D:2)
  2 hobgoblins (D:1)
  7 bats (D:1)
  A giant cockroach (D:1)
  3 goblins (D:1)
  4 kobolds (D:1)
  3 rats (D:1)
21 creatures vanquished.

Notes
Turn   | Place    | Note
--------------------------------------------------------------
     0 | D:1      | namelastname112 the Draconian Skald began the quest for the Orb.
     0 | D:1      | Reached XP level 1. HP: 17/17 MP: 3/3
   375 | D:1      | Reached XP level 2. HP: 4/24 MP: 5/5
   625 | D:1      | Reached skill level 3 in Charms
   782 | D:1      | Reached skill level 1 in Stealth
   912 | D:2      | Gained mutation: You have large cloven feet. [potion of mutation]
   912 | D:2      | Gained mutation: You are clumsy. (Dex -2) [potion of mutation]
   912 | D:2      | Gained mutation: You have a pair of small horns on your head. [potion of mutation]
   915 | D:2      | Reached XP level 3. HP: 2/29 MP: 1/6
   916 | D:2      | HP: 1/29 [poisoned by an adder]
   921 | D:2      | Succumbed to an adder's poison

Vault maps used:
D:1:      scummos_arrival_forest
D:2:      uniq_jessica

Action                   || total
-------------------------++-------
Melee: Short sword       ||    86
 Cast: Infusion          ||     1
  Use: Potion            ||     1
